AoeStats
← Goku_San

Arena

509623916Analyzed
2v2 RM · 5d ago on Sep 27, 2026· 47m 1s· 4 players
Game mode
Random Map
Map size
Medium (4 player)
Population
200
Speed
Normal
Resources
Standard
Victory
Conquest
Starting age
Dark Age
Ending age
Imperial Age
RankedLock teamsTeams togetherTeam positionsShared explorationLock speedFull tech treeHidden civsTurbo modeCheats
Victory
Defeat
🇮🇱 Celts · Israel
1251
+16
🇺🇸 Italians · United States
1187
+19
🇮🇳 Britons · India
1391
-23
🇮🇳 Khitans · India
1109
-12
Goku_San
7:56 Loom
10:05 Feudal Age
11:08 Double-Bit Axe
15:50 Castle Age
14:53 Scale Mail Armor
15:06 Man-at-Arms
16:50 Bow Saw
16:51 Long Swordsman
27:13 Stone Mining
29:02 Gold Mining
29:51 Wheelbarrow
29:01 Horse Collar
30:17 Heavy Plow
37:21 Imperial Age
35:25 Chain Mail Armor
35:58 Gold Shaft Mining
35:52 Forging
36:57 Hand Cart
37:03 Hand Cart
38:24 Iron Casting
37:28 Capped Ram
38:53 Plate Mail Armor
38:58 Conscription
38:39 Siege Ram
40:47 Blast Furnace
42:34 Elite Woad Raider
sbr
1:12 Loom
10:48 Feudal Age
15:36 Castle Age
13:28 Double-Bit Axe
13:24 Horse Collar
16:29 Bow Saw
16:20 Heavy Plow
20:23 Wheelbarrow
23:54 Hand Cart
24:34 Town Watch
25:06 Gold Mining
25:10 Stone Mining
29:35 Imperial Age
28:55 Pikeman
29:35 Squires
29:31 Fletching
29:41 Padded Archer Armor
32:47 Bloodlines
32:38 Husbandry
31:58 Light Cavalry
32:36 Bodkin Arrow
32:57 Leather Archer Armor
32:48 Scale Barding Armor
32:53 Forging
34:32 Chemistry
33:52 Ballistics
33:15 Treadmill Crane
33:46 Masonry
33:23 Capped Ram
34:42 Bracer
35:52 Chain Barding Armor
36:51 Conscription
37:10 Iron Casting
37:50 Stone Shaft Mining
38:20 Two-Man Saw
37:59 Hussar
41:16 Blast Furnace
41:27 Plate Barding Armor
41:45 Ring Archer Armor
43:08 Caravan
43:31 Silk Road
45:01 Elite Genoese Crossbowman
45:53 Pirotechnia
Sanskari Ladka
10:35 Feudal Age
14:40 Castle Age
13:00 Double-Bit Axe
13:26 Horse Collar
15:35 Fletching
15:46 Padded Archer Armor
20:08 Bodkin Arrow
24:50 Wheelbarrow
24:00 Loom
29:05 Hand Cart
30:24 Ballistics
33:30 Imperial Age
30:47 Town Watch
32:04 Padded Archer Armor
32:34 Heavy Plow
32:34 Gold Mining
33:29 Stone Mining
34:15 Gold Shaft Mining
34:24 Leather Archer Armor
34:12 Bracer
35:14 Chemistry
35:23 Yeomen
35:24 Conscription
36:49 Elite Longbowman
37:51 Man-at-Arms
38:17 Gambesons
38:32 Squires
38:18 Arson
38:35 Scale Mail Armor
38:42 Long Swordsman
39:37 Two-Handed Swordsman
41:13 Chain Mail Armor
41:18 Champion
MahaDeV
10:55 Feudal Age
15:53 Castle Age
15:28 Double-Bit Axe
15:25 Domestication
20:47 Wheelbarrow
24:35 Husbandry
25:35 Forging
25:46 Scale Mail Armor
25:47 Loom
27:02 Scale Barding Armor
28:05 Scale Mail Armor
33:39 Gold Mining
34:20 Chain Barding Armor
35:32 Iron Casting
36:34 Fletching
36:18 Elite Skirmisher
46:52 Imperial Age
Connection lost

Rejoining the realm…

Still unreachable

The connection could not be restored.

Session expired

The server has moved on; the page needs a fresh start.